 Dungeon Crawl Stone Soup version 0.24-a0-520-g8fd06ad0bc (webtiles) character file.

Game seed: 14014982630573270937

114 KapersCrawl the Skirmisher (level 4, -5/29 HPs)
             Began as a Gargoyle Chaos Knight on July 25, 2019.
             Was a Plaything of Xom.
             Killed from afar by an orc wizard (13 damage)
             ... with a puff of frost
             ... on level 2 of the Dungeon.
             The game lasted 00:07:43 (2250 turns).

KapersCrawl the Skirmisher (Gargoyle Chaos Knight)  Turns: 2250, Time: 00:07:43

Health: -5/29      AC:  6    Str: 16    XL:     4   Next: 98%
Magic:  4/4        EV: 10    Int: 11    God:    Xom [..*...]
Gold:   25         SH:  0    Dex:  9    Spells: 3/3 levels left

rFire    + . .     SeeInvis .   q - +0 mace (chaos)
rCold    x . .     Gourm    .   (no shield)
rNeg     + . .     Faith    .   m - +0 ring mail {rPois}
rPois    ∞         Spirit   .   (no helmet)
rElec    +         Reflect  .   (no cloak)
rCorr    .         Harm     .   (no gloves)
MR       .....                  (no boots)
Stlth    +.........             (no amulet)
HPRegen  0.09/turn              d - ring of fire
MPRegen  0.09/turn              (no ring)

@: no status effects
A: deformed body, dopey 1, negative energy resistance 1, screaming 1,
electricity resistance, unbreathing, petrification resistance, rot immunity, AC
+3
a: Renounce Religion


You were on level 2 of the Dungeon.
You worshipped Xom.
You were a toy of Xom.
You were not hungry.

You visited 1 branch of the dungeon, and saw 3 of its levels.

You collected 25 gold pieces.

Inventory:

Hand Weapons
 q - a +0 mace of chaos (weapon)
 w - a +0 hunting sling of flaming
Missiles
 b - 2 throwing nets
 g - 97 stones (quivered)
 j - 22 sling bullets
 k - 9 poisoned darts
Armour
 m - a +0 ring mail of poison resistance (worn)
Jewellery
 d - a ring of fire (left hand)
Scrolls
 e - a scroll of fear {unknown}
 h - a scroll of fog {unknown}
 n - a scroll of amnesia {unknown}
 o - a scroll of magic mapping {unknown}
Potions
 f - a potion of curing {unknown}
 i - 3 potions of degeneration {unknown}
Comestibles
 c - 3 rations


   Skills:
 + Level 4.1 Fighting
 + Level 3.8 Maces & Flails
 + Level 3.2 Armour
 - Level 1.0 Dodging
 + Level 2.3 Stealth


You had 3 spell levels left.
You didn't know any spells.
Your spell library was empty.

Dungeon Overview and Level Annotations

Branches:
Dungeon (3/15)

Altars:

Annotations:
D:2 exclusion: downstairs


Innate Abilities, Weirdness & Mutations

You are resistant to torment.
Your stone body is resilient. (AC +3)
You are immune to poison.
You resist negative energy. (rN+)
You are resistant to electric shocks. (rElec)
You can survive without breathing.
You are immune to petrification.
You are immune to rotting.
Armour fits poorly on your strangely shaped body.
You are dopey. (Int -2)
You occasionally shout uncontrollably at your foes.


Message History

There is a cloud of magical condensation here.
You hear some strange, mumbled words.
A puff of frost appears from out of thin air!
The puff of frost hits you!
You feel a terrible chill!
Unknown command.
Unknown command.
A puff of frost appears from out of thin air!
The puff of frost misses you.
A puff of flame appears from out of thin air!
The puff of flame hits you. You resist.
* * * LOW HITPOINT WARNING * * *
Unknown command.
There is a stone staircase leading down here.
Things that are here:
a +2 leather armour; an uncursed ring of attention A puff of frost appears from out of thin air!
The puff of frost hits you!
You feel a terrible chill!
You die...

.######.....##.###.........##....
## #######.......####.#.##.##. #
#..###...............
#..#....####..###.##.
#..#.##.####..###.##.
##..........#......##.
#........##.##.###.##.
#..##.#..##.##.# #.##.
#..##@#........# #....
#..#..#...)...#######.
#..#.##.......# #....)
#.............# #.####
#.......#.....# #.#
##......####### #.# #.#.#.#.# #.#
#.#.#.#.########.#
#.#.#.#.#........#


There were no monsters in sight!

Vanquished Creatures
  A hound skeleton (D:2)
  2 gnolls
  An adder (D:2)
  A worm (D:3)
  3 dart slugs
  2 leopard geckos (D:1)
  2 orcs (D:3)
  8 bats
  3 giant cockroaches
  10 goblins
  2 hobgoblins (D:1)
  13 kobolds
  A quokka (D:2)
  3 ball pythons
  5 frilled lizards
  2 rats
59 creatures vanquished.

Notes
Turn   | Place    | Note
-------+----------+-------------------------------------------
     0 | D:1      | KapersCrawl the Gargoyle Chaos Knight began the quest for
                  | the Orb.
     0 | D:1      | Reached XP level 1. HP: 14/14 MP: 1/1
    23 | D:1      | XOM: harmless Chrm miscast
   111 | D:1      | Reached skill level 1 in Dodging
   111 | D:1      | Reached XP level 2. HP: 14/19 MP: 2/2
   237 | D:1      | Reached skill level 1 in Stealth
   435 | D:1      | Reached XP level 3. HP: 22/23 MP: 3/3
   500 | D:1      | XOM: silly message
   690 | D:1      | XOM: harmless Tloc miscast
   989 | D:2      | XOM: cast spell 'Ring of Flames'
  1175 | D:2      | XOM: harmless Necr miscast
  1180 | D:2      | Reached XP level 4. HP: 27/29 MP: 4/4
  1181 | D:2      | XOM: harmless Pois miscast
  1241 | D:2      | XOM: give mutations
  1241 | D:2      | Gained mutation: You occasionally shout uncontrollably at
                  | your foes. [Xom's mischief]
  1241 | D:2      | Gained mutation: Armour fits poorly on your strangely
                  | shaped body. [Xom's mischief]
  1241 | D:2      | Gained mutation: You are dopey. (Int -2) [Xom's mischief]
  1732 | D:2      | Reached skill level 4 in Fighting
  1794 | D:3      | XOM: harmless Pois miscast
  2055 | D:2      | XOM: divination: detect creatures
  2238 | D:2      | XOM: smoke on damage
  2250 | D:2      | Killed from afar by an orc wizard

Levels and vault maps discovered:
D:1:      dpeg_arrival_shrine, layout_loops_ring, minmay_misc_feat_chi
D:2:      layout_loops_cross
D:3:      layout_basic, nicolae_overflow_hidden_temple

Skill      XL: |  1  2  3  4 |
---------------+-------------+-----
Dodging        | 1 |  1.0
Stealth        | 1 2 |  2.3
Armour         | 3 |  3.2
Fighting       | 4 |  4.1
Maces & Flails | |  3.8

Action                   |  1- 3 |  4- 6 || total
-------------------------+-------+-------++-------
Melee: Mace              |    91 |    27 ||   118
 Fire: Hunting sling     |       |    60 ||    60
  Use: Scroll            |       |     2 ||     2
 Stab: Sleeping          |     1 |       ||     1
  Eat: Chunk             |     1 |     3 ||     4
Armor: Leather armour    |    44 |    14 ||    58
       Ring mail         |       |    12 ||    12
Dodge: Dodged            |    50 |    35 ||    85

Table legend:
 A = Non-vault XP
 B = Vault XP
 C = Vault XP percentage of total XP
 D = Non-vault monster count
 E = Vault monster count
 F = Vault count percentage of total count
                 A         B        C        D         E       F
            +---------+---------+-------+---------+---------+-------
      Total |     164 |       0 |   0.0 |      59 |       0 |   0.0
            +---------+---------+-------+---------+---------+-------
        D:1 |      54 |       0 |   0.0 |      30 |       0 |   0.0
        D:2 |      78 |       0 |   0.0 |      21 |       0 |   0.0
        D:3 |      32 |       0 |   0.0 |       8 |       0 |   0.0
            +---------+---------+-------+---------+---------+-------
